 Dungeon Crawl Stone Soup version 0.26.1-2-gb8aa6d0cf2 (webtiles) character file.

Game seed: 10903480854355908135

65 promet the Gusty (level 3, 0/20 HPs)
             Began as a Deep Elf Air Elementalist on Feb 24, 2021.
             Slain by a big kobold
             ... wielding a +0 short sword
              (5 damage)
             ... on level 2 of the Dungeon.
             The game lasted 00:12:11 (3103 turns).

promet the Gusty (Deep Elf Air Elementalist)        Turns: 3103, Time: 00:12:13

Health: 0/20       AC:  2    Str:  5    XL:     3   Next: 92%
Magic:  2/10       EV: 13    Int: 20    God:
Gold:   109        SH:  0    Dex: 15    Spells: 6/9 levels left

rFire    . . .     SeeInvis .   b - +0 dagger
rCold    . . .     Faith    .   (no shield)
rNeg     + . .     Spirit   .   a - +0 robe
rPois    .         Reflect  .   (no helmet)
rElec    .         Harm     .   (no cloak)
rCorr    .         Rampage  .   (no gloves)
Will     .....                  (no boots)
Stlth    ++........             (no amulet)
HPRegen  0.06/turn              g - ring of positive energy
MPRegen  0.12/turn              (no ring)

@: very slightly contaminated
A: no striking features
a: no special abilities


You were on level 2 of the Dungeon.
You visited 1 branch of the dungeon, and saw 2 of its levels.

You collected 109 gold pieces.

Inventory:

Hand Weapons
 b - a +0 dagger (weapon)
Missiles
 d - 82 stones
Armour
 a - a +0 robe (worn)
Jewellery
 c - an uncursed amulet of regeneration
 e - an uncursed amulet of faith
 g - a ring of positive energy (left hand)
Scrolls
 f - a scroll of fog
 k - a scroll of amnesia
 l - a scroll of teleportation
 m - 2 scrolls of remove curse
Potions
 h - a potion of curing {unknown}
 i - a potion of flight
 j - 2 potions of degeneration {unknown}
 n - a potion of attraction {unknown}


   Skills:
 + Level 0.6 Fighting
 + Level 0.2 Short Blades
 * Level 3.3 Dodging
 + Level 3.0 Stealth
 + Level 3.5 Spellcasting
 + Level 1.4 Conjurations
 + Level 3.5 Air Magic


You had 6 spell levels left.
You knew the following spells:

 Your Spells              Type           Power        Failure   Level
a - Shock                 Conj/Air       52%          4%          1
b - Swiftness             Air            17%          4%          2

Your spell library contained the following spells:

 Spells                   Type           Power        Failure   Level
 Static Discharge         Conj/Air       13%          14%         3
 Airstrike                Air            8%           32%         4
 Lightning Bolt           Conj/Air       6%           80%         5


Dungeon Overview and Level Annotations

Branches:
Dungeon (2/15)

Altars:
Sif Muna


Message History

The big kobold is heavily wounded.
The big kobold hits you with a +0 short sword.
Casting: Shock (safe; 4% risk of failure)
Confirm with . or Enter, or press ? or * to list all spells.
Aiming: Shock (safe; 4% risk of failure)
Press: ? - help, Shift-Dir - straight line, f/p - big kobold
Aim: a big kobold, wielding a +0 short sword (heavily wounded, 40% to evade)
The zap hits the big kobold.
The big kobold is severely wounded.
The big kobold hits you with a +0 short sword.
* * * LOW HITPOINT WARNING * * *
Casting: Shock (safe; 4% risk of failure)
Confirm with . or Enter, or press ? or * to list all spells.
Aiming: Shock (safe; 4% risk of failure)
Press: ? - help, Shift-Dir - straight line, f/p - big kobold
Aim: a big kobold, wielding a +0 short sword (severely wounded, 40% to evade)
The zap hits the big kobold.
The big kobold is almost dead.
The big kobold hits you with a +0 short sword.
You die...

#.##.........# ############
#.#<...####### .......>...#
#.###..#######
#######.##.###......#.....#
#†...............##.#.##
##..#.#..###..###........
#...#.#..#....#....#.####
#...###..###..###........
#..........@K......##.###
#...#.#..#.#..###..# #
#...#.#..#.#..#.#..#
#...###..###..#.#..##
######....................
..g......###..###..###.####
######...#.#..#....#......#
#...#.#..###..###..#.#
##................##.#


You could see a big kobold.

Vanquished Creatures
  2 adders (D:2)
  2 dart slugs (D:1)
  A leopard gecko (D:1)
  5 bats
  A giant cockroach (D:2)
  4 goblins
  11 hobgoblins
  2 jackals (D:1)
  4 kobolds (D:2)
  A quokka (D:2)
  2 frilled lizards
  5 rats
40 creatures vanquished.

Notes
Turn   | Place    | Note
-------+----------+-------------------------------------------
     0 | D:1      | promet the Deep Elf Air Elementalist began the quest for
                  | the Orb.
     0 | D:1      | Reached XP level 1. HP: 10/10 MP: 6/6
   299 | D:1      | Reached XP level 2. HP: 15/15 MP: 8/8
  1129 | D:1      | Reached XP level 3. HP: 20/20 MP: 6/9
  1599 | D:2      | Learned a level 2 spell: Swiftness
  2383 | D:2      | Found a faded altar of an unknown god.
  2424 | D:2      | Noticed a big kobold
  2945 | D:2      | Found a shimmering blue altar of Sif Muna.
  3103 | D:2      | Slain by a big kobold

Illustrated notes

Levels and vault maps discovered:
D:1:      eino_arrival_water_star, layout_loops_ring, grunt_decor_one_mirror,
          minivault_4
D:2:      layout_basic, led_sif_pool, chequers_ecumenical_altar_simple_redux,
          minmay_misc_feat_nine_boxes, grunt_ministairs_2

Skill      XL: |  1  2  3 |
---------------+----------+-----
Dodging        | 3 |  3.3
Stealth        | 3 |  3.0
Fighting       | |  0.6
Short Blades   | |  0.2
Spellcasting   | |  3.5
Conjurations   | |  1.4
Air Magic      | |  3.5

Action                   || total
-------------------------++-------
Melee: Dagger            ||    44
 Cast: Shock             ||    88
       Swiftness         ||     3
  Use: Scroll            ||    10
       Potion            ||     1
 Stab: Sleeping          ||     4
       Distracted        ||     1
Armor: Robe              ||    18
Dodge: Dodged            ||    53
